 Dungeon Crawl Stone Soup version 0.29-a0-275-g389c0b56f3 (webtiles) character file.

Game seed: 13534921086973386666

1208 namelastname112 the Chiller (level 8, -7/63 (68) HPs)
             Began as a Black Draconian Ice Elementalist on Mar 12, 2022.
             Was an Initiate of Vehumet.
             Mangled by a wight
             ... wielding a +0 great sword
              (17 damage)
             ... on level 6 of the Dungeon.
             The game lasted 00:06:21 (4921 turns).

namelastname112 the Chiller (DrIE)                  Turns: 4921, Time: 00:06:22

HP:   -7/63 (68)    AC: 11    Str: 10    XL:     8   Next: 21%
MP:   12/15         EV: 13    Int: 18    God:    Vehumet [......]
Gold: 344           SH:  0    Dex: 12    Spells: 8/16 levels left

rFire   . . .      SeeInvis .   o - staff of cold
rCold   + . .      Faith    .   (no shield)
rNeg    . . .      Spirit   .   (body armour unavailable)
rPois   .          Reflect  .   e - +1 hat
rElec   +          Harm     .   (no cloak)
rCorr   .          Rampage  .   (no gloves)
Will    .....                   (no boots)
Stlth   ++........              (no amulet)
HPRegen 0.20/turn               h - ring of flight
MPRegen 0.14/turn               q - +4 ring of protection

@: mighty, brilliant, short of breath, on blink cooldown, flying, drained
A: breathe lightning, AC +6, unfitting armour, electricity resistance,
cold-blooded
a: Breathe Lightning, Renounce Religion


You were on level 6 of the Dungeon.
You worshipped Vehumet.
Vehumet was noncommittal.
You visited 2 branches of the dungeon, and saw 7 of its levels.

You collected 344 gold pieces.

Inventory:

Hand Weapons
 d - a +1 dagger of venom
Missiles
 n - 5 curare-tipped darts
Armour
 e - a +1 hat (worn)
Magical Staves
 o - a staff of cold (weapon)
Jewellery
 h - a ring of flight (left hand)
 q - a +4 ring of protection (right hand)
 v - a ring of see invisible
Wands
 s - a wand of iceblast (4)
 t - a wand of flame (14)
Scrolls
 f - a scroll of magic mapping {unknown}
 i - a scroll of holy word {unknown}
 l - a scroll of summoning {unknown}
 m - 7 scrolls of identify {unknown}
 p - a scroll of acquirement {unknown}
Potions
 a - 3 potions of magic
 b - a potion of attraction {unknown}
 c - 6 potions of curing
 g - a potion of might
 j - a potion of brilliance
 k - a potion of ambrosia {unknown}
 r - a potion of flight {unknown}
 u - a potion of cancellation {unknown}


   Skills:
 + Level 5.0 Fighting
 + Level 4.6 Dodging
 - Level 1.7 Stealth
 + Level 4.6 Spellcasting
 + Level 2.5 Conjurations
 + Level 6.0 Ice Magic


You had 8 spell levels left.
You knew the following spells:

 Your Spells              Type           Power      Damage    Failure   Level
a - Blink                 Tloc           12%        N/A       21%         2
c - Searing Ray           Conj           38%        2d5       8%          2
x - Frozen Ramparts       Ice            100%       1d12      3%          3
z - Freeze                Ice            100%       1d11      1%          1

Your spell library contained the following spells:

 Spells                   Type           Power      Damage    Failure   Level
 Ozocubu's Armour         Ice            55%        N/A       3%          3
 Magic Dart               Conj           76%        1d6       4%          1
 Hailstorm                Conj/Ice       44%        3d10      24%         4
 Gell's Gravitas          Tloc           6%         N/A       38%         3
 Inner Flame              Hex/Fire       6%         N/A       38%         3
 Lesser Beckoning         Tloc           6%         N/A       38%         3
 Teleport Other           Tloc           6%         N/A       38%         3
 Fulminant Prism          Conj/Hex       6%         3d7       63%         4
 Cause Fear               Hex            3%         N/A       80%         4
 Manifold Assault         Tloc           6%         N/A       98%         5
 Storm Form               Tmut/Air       3%         N/A       100%        7
 Discord                  Hex            3%         N/A       100%        8


Dungeon Overview and Level Annotations

Branches:
Dungeon (6/15)             Temple (1/1) D:5

Altars:
Ashenzari
Cheibriados
Elyvilon
Gozag
Hepliaklqana
Kikubaaqudgha
Makhleb
Nemelex Xobeh
Okawaru
Ru
Trog
Uskayaw
Vehumet
Wu Jian
Xom
Yredelemnul
Zin
The Shining One


Innate Abilities, Weirdness & Mutations

You can breathe wild blasts of lightning.
Your glossy black scales are hard. (AC +6)
You cannot fit into any form of body armour.
You are resistant to electric shocks. (rElec)
You are cold-blooded and may be slowed by cold attacks.


Message History

Aiming: Throw Flame
Press: ? - help, Shift-Dir - straight line, f/p - wight
Aim: a wight, wielding a +3 great sword of freezing and wearing a +0 robe (almost destroyed, 68% to hit)
The puff of flame hits the wight!
The wight is almost destroyed!
The wight completely resists!
The wall freezes the wight but does no damage!
The wight hits you with a +3 great sword of freezing!!! * * * don't die
* * * The wight freezes you! * * * don't die
* * * The wight completely resists!
The wall freezes the wight but does no damage!
You take 14 damage, and have 16/65 hp!
MASSIVE DAMAGE!!!!!!
Okay, then!
Activating: Breathe Lightning (4% risk of failure)
Press: ? - help, Dir - look around, f - activate You breathe a wild blast of lightning!!!
You hear a mighty clap of thunder!!! x2; You hear a shout!!! x3
You hear an angry hiss!
The wight resists!
The wall freezes the wight!
The wight closely misses you!
The wight resists!
The wall freezes the wight!
It was a potion of curing!
You feel better!
The frozen ramparts melt away!
The wight hits you with a +3 great sword of freezing!!! * * * don't die
* * * You feel drained! * * * don't die
* * * The wight freezes you! * * * don't die
* * * You take 7 damage, and have 9/63 hp!
Casting: Frozen Ramparts (dangerous; 3% risk of failure)
Confirm with ! or Enter, or press ? or * to list all spells!
You blink!
You now have 11/15 mp!
It was a potion of might!
You feel very mighty all of a sudden!
It was a potion of brilliance!
You feel clever all of a sudden!
The wight hits you with a +0 great sword!!! rip

#...##.#(.#.######
#...#.............
#...#..#..#.#####.
#...#..#..#.# #.
#...#..#..#.# #.
#...#..#..#.#####.
#...#..#..#.......
#...############..
#@))...........#..
#z.##.............
#z)............#.#
##.##.........##..
#.##.........####
##ยง##.........#
#.........#####
#..##############
#................


You could see 2 wights.

Vanquished Creatures
  3 water moccasins
  A sky beast (D:5)
  2 ogres (D:4)
  A centaur (D:3)
  A necrophage (D:5)
  A scorpion (D:5)
  2 jellies (D:5)
  2 orc priests (D:4)
  An iguana (D:5)
  Ijyb (D:5)
  2 orc wizards
  8 adders
  4 gnolls (D:4)
  An ufetubus (D:5)
  A dart slug (D:3)
  12 orcs
  6 endoplasms
  A giant cockroach (D:4)
  6 goblins
  5 hobgoblins
  4 quokkas
  5 ball pythons
  6 bats
  2 frilled lizards
  5 kobolds
  4 rats
87 creatures vanquished.

Vanquished Creatures (others)
  An orc wizard (D:4)
1 creature vanquished.

Grand Total: 88 creatures vanquished

Notes
Turn   | Place    | Note
-------+----------+-------------------------------------------
     0 | D:1      | namelastname112 the Draconian Ice Elementalist began the
                  | quest for the Orb.
     0 | D:1      | Reached XP level 1. HP: 14/14 MP: 3/3
   453 | D:1      | Reached XP level 2. HP: 21/22 MP: 1/5
   746 | D:1      | Found a faded altar of an unknown god.
  1038 | D:2      | Reached skill level 1 in Fighting
  1129 | D:2      | Reached XP level 3. HP: 20/28 MP: 4/6
  1859 | D:3      | Noticed a water moccasin
  1870 | D:3      | Killed a water moccasin
  1871 | D:3      | Reached XP level 4. HP: 37/37 MP: 0/8
  1871 | D:3      | Reached XP level 5. HP: 42/42 MP: 0/9
  2034 | D:3      | Learned a level 2 spell: Searing Ray
  2038 | D:3      | Learned a level 3 spell: Frozen Ramparts
  2373 | D:3      | Noticed a centaur
  2384 | D:3      | Killed a centaur
  2385 | D:3      | Reached skill level 5 in Ice Magic
  2385 | D:3      | Reached XP level 6. HP: 39/51 MP: 4/10
  3344 | D:4      | Your scales start taking on a glossy black colour.
  3344 | D:4      | Reached XP level 7. HP: 53/58 MP: 9/12
  3344 | D:4      | Gained mutation: You are resistant to electric shocks.
                  | (rElec) [Black Draconian growth]
  3916 | D:5      | Entered Level 5 of the Dungeon
  4053 | D:5      | Reached skill level 1 in Conjurations
  4196 | D:5      | Learned a level 2 spell: Blink
  4340 | D:5      | Found a staircase to the Ecumenical Temple.
  4354 | D:5      | Reached XP level 8. HP: 66/67 MP: 6/14
  4599 | D:5      | Noticed Ijyb
  4608 | D:5      | Killed Ijyb
  4703 | Temple   | Entered the Ecumenical Temple
  4713 | Temple   | Became a worshipper of Vehumet
  4783 | D:6      | Reached skill level 5 in Fighting
  4783 | D:6      | Reached skill level 6 in Ice Magic
  4921 | D:6      | Mangled by a wight

Illustrated notes

Levels and vault maps discovered:
D:1:      ebering_trefoil_3fold, layout_basic, serial_aquarium,
          aquarium_bridge_square [aquarium_subvault_balcony,
          aquarium_subvault_wall, aquarium_subvault_wall,
          aquarium_subvault_bridge], aquarium_window_2, aquarium_window_corner,
          aquarium_window_corridor_2, aquarium_window_fake, aquarium_view_2e,
          basic_ecumenical_altar
D:2:      layout_rooms, minmay_tiny_reverse_x
D:3:      layout_loops_corners
D:4:      layout_rooms, kennysheep_doodads, mrwooster_statue_mirror
D:5:      layout_rooms, minmay_temple_entry_purple_smoke,
          minmay_misc_feat_secret_circle, dk_noncrumbling_3, uniq_ijyb
D:6:      layout_basic
Temple:   nicolae_temple_no_exploring_needed

Skill      XL: |  1  2  3  4  5  6  7  8 |
---------------+-------------------------+-----
Dodging        | 2 3 4 |  4.6
Fighting       | 1 2 3 4 5 |  5.0
Spellcasting   | 3 4 |  4.6
Ice Magic      | 5 6 |  6.0
Conjurations   | 2 |  2.5
Stealth        | |  1.7

Action                   |  1- 3 |  4- 6 |  7- 9 || total
-------------------------+-------+-------+-------++-------
Melee: Dagger            |    41 |    56 |    21 ||   118
       Unarmed           |     1 |       |       ||     1
       Tailslap          |     3 |     6 |     5 ||    14
       Punch             |       |     1 |     1 ||     2
       Staff             |       |       |    24 ||    24
 Cast: Freeze            |    28 |    21 |    21 ||    70
       Frozen Ramparts   |       |     3 |     5 ||     8
       Searing Ray       |       |       |     2 ||     2
       Blink             |       |       |     1 ||     1
 Abil: Breathe Lightning |       |       |     1 ||     1
Evoke: Wand              |       |       |     3 ||     3
  Use: Potion            |       |       |     3 ||     3
 Stab: Sleeping          |     3 |     4 |     1 ||     8
Armor: Skin              |    26 |    25 |    28 ||    79
Dodge: Dodged            |    38 |    37 |    47 ||   122

Table legend: (Time is in decaauts)
 A = Elapsed time spent in this place.
 B = Non-inter-level travel time spent in this place.
 C = Inter-level travel time spent in this place.
 D = Time resting spent in this place.
 E = Time spent auto-exploring this place.
 F = Levels seen in this place.
 G = Mean time per level.
                   A        B        C        D        E       F      G
               +--------+--------+--------+--------+--------+-----+--------+
         Total |   4927 |   4760 |    167 |    395 |   3714 |   7 |  703.9 |
       Dungeon |   4909 |   4748 |    161 |    395 |   3714 |   6 |  818.2 |
        Temple |     17 |     11 |      6 |      0 |      0 |   1 |   17.0 |
               +--------+--------+--------+--------+--------+-----+--------+

Top non-repeatable levels by time:
     D:3: 1075 daAuts
     D:1: 1024 daAuts
     D:4: 996 daAuts
     D:2: 822 daAuts
     D:5: 801 daAuts
     D:6: 190 daAuts
  Temple: 17 daAuts
